 Dungeon Crawl Stone Soup version 0.30-a0-859-gf88a04b62d (webtiles) character file.

Game seed: 11948073452852756110

304 Rocko1345 the Destroyer (level 6, -2/53 HPs)
             Began as a Gnoll Wanderer on Mar 6, 2023.
             Slain by a gnoll bouda
             ... wielding a +0 club
              (9 damage)
             ... on level 3 of the Dungeon.
             The game lasted 00:13:35 (4274 turns).

Rocko1345 the Destroyer (Gnoll Wanderer)            Turns: 4274, Time: 00:13:35

Health: -2/53      AC:  3    Str: 10    XL:     6   Next: 38%
Magic:  9/11       EV: 12    Int: 11    God:
Gold:   103        SH:  0    Dex: 15    Spells: 6/11 levels left

rFire   . . .      SeeInvis +    n - +0 double sword
rCold   . . .      Faith    .    (no shield)
rNeg    . . .      Spirit   .    c - +0 robe
rPois   .          Reflect  .    (no helmet)
rElec   .          Rampage  .    (no cloak)
rCorr   .                        (no gloves)
Will    .....                    g - +0 pair of boots
Stlth   ++                       (no amulet)
HPRegen 0.28/turn                u - ring of see invisible
MPRegen 0.12/turn                y - ring of wizardry

@: no status effects
A: fangs 1, strong nose, distributed training
a: no special abilities


You were on level 3 of the Dungeon.
You visited 1 branch of the dungeon, and saw 4 of its levels.

You collected 185 gold pieces.
You spent 82 gold pieces at shops.

Inventory:

Hand Weapons
 a - a +1 sling
 d - a +0 rapier
 n - a +0 double sword (weapon)
 F - a +0 shortbow
Missiles
 s - 4 poisoned darts
Armour
 c - a +0 robe (worn)
 g - a +0 pair of boots (worn)
Magical Staves
 l - a staff of air
 v - a staff of earth
Jewellery
 u - a ring of see invisible (left hand)
 y - a ring of wizardry (right hand)
 A - a ring of ice
Wands
 w - a wand of flame (25)
Scrolls
 f - 2 scrolls of fear
 i - 2 scrolls of enchant armour
 j - 2 scrolls of immolation
 o - a scroll of enchant weapon {unknown}
 t - 4 scrolls of identify
 x - a scroll of poison {unknown}
 B - a scroll of blinking {unknown}
 C - a scroll of magic mapping
 D - a scroll of teleportation {unknown}
Potions
 b - a potion of attraction
 e - a potion of lignification {unknown}
 h - a potion of resistance {unknown}
 k - a potion of haste {unknown}
 m - a potion of heal wounds
 p - a potion of berserk rage {unknown}
 q - a potion of degeneration {unknown}
 r - 2 potions of flight {unknown}
 z - 3 potions of might {unknown}
 E - a potion of mutation {unknown}


   Skills:
 + Level 6.8 Fighting
 + Level 2.0 Short Blades
 + Level 2.0 Long Blades
 + Level 2.0 Axes
 + Level 2.0 Maces & Flails
 + Level 2.0 Polearms
 + Level 2.0 Staves
 + Level 3.3 Ranged Weapons
 + Level 2.0 Throwing
 + Level 2.0 Armour
 + Level 2.0 Dodging
 + Level 2.0 Stealth
 + Level 2.0 Shields
 + Level 2.0 Unarmed Combat
 + Level 3.4 Spellcasting
 + Level 8.9 Conjurations
 + Level 1.6 Hexes
 + Level 1.6 Summonings
 + Level 1.6 Necromancy
 + Level 1.6 Translocations
 + Level 1.6 Transmutations
 + Level 1.6 Fire Magic
 + Level 1.6 Ice Magic
 + Level 1.6 Air Magic
 + Level 1.6 Earth Magic
 + Level 1.6 Poison Magic
 + Level 2.2 Invocations
 + Level 2.0 Evocations


You had 6 spell levels left.
You knew the following spells:

 Your Spells              Type           Power      Damage    Failure   Level
a - Foxfire               Conj/Fire      52%        2x1d6     1%          1
b - Searing Ray           Conj           42%        2d6       1%          2
c - Poisonous Vapours     Pois/Air       10%        N/A       9%          2

Your spell library contained the following spells:

 Spells                   Type           Power      Damage    Failure   Level
 Dazzling Flash           Conj/Hex       26%        N/A       3%          3
 Sting                    Tmut/Pois      20%        1d4       5%          1
 Olgreb's Toxic Radiance  Pois           5%         N/A       45%         4


Dungeon Overview and Level Annotations

Branches:
Dungeon (4/15)
 Temple: D:4-7

Altars:
Ashenzari

Shops:
D:2 !   D:3 ?[(


Innate Abilities, Weirdness & Mutations

You have very sharp teeth.
Your uncanny sense of smell can sniff out nearby items.
Your experience applies equally to all skills.


Message History

Confirm with . or Enter, or press ? or * to list all spells.
You conjure some foxfire!
The foxfire hits the gnoll bouda.
The gnoll bouda is moderately wounded.
The foxfire hits the gnoll bouda but does no damage.
The gnoll bouda is moderately wounded.
The gnoll bouda hits you with a +0 club!
The gnoll barely misses you.
Unknown command.
The foxfire hits the gnoll bouda but does no damage.
The gnoll bouda is moderately wounded.
The foxfire hits the gnoll.
The gnoll is lightly wounded.
The gnoll bouda gazes fiercely through you!
You feel as though you will be weak longer.
The gnoll bouda hits you with a +0 club!
The jackal barks!
You hit the gnoll.
The gnoll is moderately wounded.
The gnoll bouda hits you with a +0 club!
The gnoll hits you with a +0 whip.
* * * LOW HITPOINT WARNING * * *
The gnoll closely misses you. The kobold hits you with a +0 club.
* * * LOW HITPOINT WARNING * * *
The gnoll bouda calls upon its god to heal the gnoll.
The gnoll's wounds heal themselves!
The gnoll bouda hits you but does no damage.
The gnoll hits you but does no damage.
There is a stone staircase leading up here.
The gnoll is no longer moving quickly.
The jackal barely misses you.
You climb upwards.
There is a stone staircase leading down here.
You hit the gnoll bouda.
The gnoll bouda is heavily wounded.
Your attacks no longer feel as feeble.
The gnoll bouda hits you with a +0 club!
* * * LOW HITPOINT WARNING * * *
You slash the gnoll bouda!
The gnoll bouda is almost dead.
The gnoll bouda hits you with a +0 club!
You die...

###.# ##'## ##.# ##...##
######≈≈#######.....##
#.'..<..∩..'.#..÷....##
#.####≈≈####..........##
#..##.......'.........'.
##........###.........##
###.##)#.# ##.......##
#.##@#.# ##.....##
#.##g#.# ##...##
#....#.# ##'## #⌠.⌠##.#
#.# #.∩.##.# #.#
#⌠.⌠...# ##.####
##.##### ##.....# #.#
#......###
#.##########........


You could see a gnoll bouda.

Vanquished Creatures
  A hound (D:4)
  A jelly (D:3)
  Terence (D:3)
  7 gnolls
  6 adders
  4 worms
  A dart slug (D:1)
  4 orcs
  9 ball pythons
  11 endoplasms
  6 giant cockroaches (D:1)
  7 goblins
  5 hobgoblins
  2 quokkas
  4 bats
  6 frilled lizards
  6 kobolds
  5 rats
86 creatures vanquished.

Vanquished Creatures (others)
  126 foxfires
  16 plants (D:4)
142 creatures vanquished.

Grand Total: 228 creatures vanquished

Notes
Turn   | Place    | Note
-------+----------+-------------------------------------------
     0 | D:1      | Rocko1345 the Gnoll Wanderer began the quest for the Orb.
     0 | D:1      | Rocko1345 set off with the following items: a +1 sling, a
                  | potion of attraction, a +0 robe; and the following spell
                  | memorised: Foxfire; and the following spells available to
                  | memorise: Searing Ray, Dazzling Flash.
     0 | D:1      | Reached XP level 1. HP: 23/23 MP: 4/4
   256 | D:1      | Reached XP level 2. HP: 29/29 MP: 5/5
   671 | D:1      | Reached XP level 3. HP: 35/35 MP: 4/7
   713 | D:1      | Learned a level 2 spell: Searing Ray
   843 | D:1      | Reached skill level 1 in Invocations
   900 | D:1      | Found a faded altar of an unknown god.
  1164 | D:2      | Reached skill level 1 in Short Blades
  1164 | D:2      | Reached skill level 1 in Long Blades
  1164 | D:2      | Reached skill level 1 in Axes
  1164 | D:2      | Reached skill level 1 in Maces & Flails
  1164 | D:2      | Reached skill level 1 in Polearms
  1164 | D:2      | Reached skill level 1 in Staves
  1164 | D:2      | Reached skill level 1 in Throwing
  1164 | D:2      | Reached skill level 1 in Armour
  1164 | D:2      | Reached skill level 1 in Dodging
  1164 | D:2      | Reached skill level 1 in Stealth
  1164 | D:2      | Reached skill level 1 in Shields
  1164 | D:2      | Reached skill level 1 in Unarmed Combat
  1164 | D:2      | Reached skill level 1 in Evocations
  1419 | D:2      | Found Wyattadu's Distillery.
  1630 | D:2      | Reached XP level 4. HP: 23/41 MP: 3/8
  2300 | D:3      | Found Qowucont's Armour Emporium.
  2464 | D:3      | Reached skill level 1 in Hexes
  2464 | D:3      | Reached skill level 1 in Summonings
  2464 | D:3      | Reached skill level 1 in Necromancy
  2464 | D:3      | Reached skill level 1 in Translocations
  2464 | D:3      | Reached skill level 1 in Transmutations
  2464 | D:3      | Reached skill level 1 in Fire Magic
  2464 | D:3      | Reached skill level 1 in Ice Magic
  2464 | D:3      | Reached skill level 1 in Air Magic
  2464 | D:3      | Reached skill level 1 in Earth Magic
  2464 | D:3      | Reached skill level 1 in Poison Magic
  2572 | D:3      | Found Xounnuor's Weapon Shoppe.
  2776 | D:3      | Noticed Terence
  2788 | D:3      | Killed Terence
  2789 | D:3      | Reached XP level 5. HP: 47/47 MP: 3/9
  2845 | D:3      | Found a broken altar of Ashenzari.
  3099 | D:3      | Learned a level 2 spell: Poisonous Vapours
  3223 | D:3      | Found Tonag's Magic Scroll Shoppe.
  3232 | D:3      | Bought a scroll of magic mapping for 82 gold pieces
  3897 | D:4      | Reached XP level 6. HP: 33/53 MP: 8/11
  4274 | D:3      | Slain by a gnoll bouda

Illustrated notes

Levels and vault maps discovered:
D:1:      dpeg_arrival_stone_temple_mockup, layout_loops_ring,
          shapermc_ecumenical_altar_mp_vishouse
D:2:      layout_loops_corners, serial_shops, nicolae_shop_trees,
          minmay_misc_feat_ornament
D:3:      layout_loops_corners, nicolae_ashenzari_skybound, serial_shops,
          shop_fountains, nicolae_shop_trees, nicolae_shop_hallway_stairs,
          kennysheep_generic_room_10, uniq_terence
D:4:      layout_rooms, nicolae_grassy_gnolls

Skill      XL: |  1  2  3  4  5  6 |
---------------+-------------------+-----
Invocations    | 1 2 |  2.2
Short Blades   | 1 2 |  2.0
Long Blades    | 1 2 |  2.0
Axes           | 1 2 |  2.0
Maces & Flails | 1 2 |  2.0
Polearms       | 1 2 |  2.0
Staves         | 1 2 |  2.0
Throwing       | 1 2 |  2.0
Armour         | 1 2 |  2.0
Dodging        | 1 2 |  2.0
Stealth        | 1 2 |  2.0
Shields        | 1 2 |  2.0
Unarmed Combat | 1 2 |  2.0
Evocations     | 1 2 |  2.0
Spellcasting   | 3 |  3.4
Hexes          | 1 |  1.6
Summonings     | 1 |  1.6
Necromancy     | 1 |  1.6
Translocations | 1 |  1.6
Transmutations | 1 |  1.6
Fire Magic     | 1 |  1.6
Ice Magic      | 1 |  1.6
Air Magic      | 1 |  1.6
Earth Magic    | 1 |  1.6
Poison Magic   | 1 |  1.6
Ranged Weapons | 3 |  3.3
Fighting       | |  6.8
Conjurations   | |  8.9

Action                     |  1- 3 |  4- 6 || total
---------------------------+-------+-------++-------
  Melee: Rapier            |    41 |       ||    41
         Bite              |     7 |     7 ||    14
         Double sword      |       |    73 ||    73
   Cast: Foxfire           |    51 |    48 ||    99
         Poisonous Vapours |       |     8 ||     8
  Evoke: Wand              |       |     2 ||     2
    Use: Scroll            |     4 |     1 ||     5
   Stab: Sleeping          |       |     3 ||     3
 Armour: Robe              |    21 |    27 ||    48
  Dodge: Dodged            |    53 |    78 ||   131

Table legend: (Time is in decaauts)
 A = Elapsed time spent in this place.
 B = Non-inter-level travel time spent in this place.
 C = Inter-level travel time spent in this place.
 D = Time resting spent in this place.
 E = Time spent auto-exploring this place.
 F = Levels seen in this place.
 G = Mean time per level.
                   A        B        C        D        E       F      G
               +--------+--------+--------+--------+--------+-----+--------+
         Total |   4311 |   4082 |    229 |    813 |   2091 |   4 | 1077.8 |
       Dungeon |   4311 |   4082 |    229 |    813 |   2091 |   4 | 1077.8 |
               +--------+--------+--------+--------+--------+-----+--------+

Top non-repeatable levels by time:
     D:3: 1698 daAuts
     D:2: 1231 daAuts
     D:1: 1142 daAuts
     D:4: 238 daAuts
